 Dungeon Crawl Stone Soup version 0.20.1-1-g8b1a95d (webtiles) character file.

65 ScottishVillain the Poker (level 3, -1/28 HPs)
             Began as a Demonspawn Gladiator on Dec 22, 2017.
             Slain by a gnoll
             ... wielding a +0 halberd
              (7 damage)
             ... on level 2 of the Dungeon.
             The game lasted 00:22:14 (2832 turns).

ScottishVillain the Poker (Demonspawn Gladiator)    Turns: 2832, Time: 00:22:15

Health: -1/28      AC: 10    Str: 13 (14) XL:     3   Next: 92%
Magic:  12/12      EV: 13    Int:  7 (9)  God:
Gold:   63         SH:  0    Dex: 14 (15) Spells: 2/2 levels left

rFire    + . .     SeeInvis .   n - +0 short sword
rCold    x . .     Gourm    .   (no shield)
rNeg     . . .     Faith    .   b - +0 leather armour
rPois    .         Spirit   .   c - +0 helmet
rElec    .         Reflect  .   p - scarf {cloud immunity}
rCorr    .         Harm     .   (no gloves)
MR       .....                  (no boots)
Stlth    +.........             (no amulet)
Regen    0.1/turn               g - ring of fire
MPRegen  0.2/turn               o - ring of magical power

@: sanguine armour
A: sanguine armour 1
a: no special abilities


You were on level 2 of the Dungeon.
You were not hungry.

You visited 1 branch of the dungeon, and saw 2 of its levels.

You collected 63 gold pieces.

Inventory:

Hand Weapons
 a - a +0 trident
 h - a +0 whip
 n - a +0 short sword (weapon)
Missiles
 d - a throwing net
 e - 36 stones (quivered) {insribation?}
 k - 29 sling bullets
 l - 43 bolts
 q - 20 arrows
 t - 15 poisoned needles
Armour
 b - a +0 leather armour (worn)
 c - a +0 helmet (worn)
 i - a +0 scale mail
 p - a scarf of cloud immunity (worn)
Jewellery
 g - a ring of fire (left hand)
 o - a ring of magical power (right hand)
Potions
 j - a potion of flight {unknown}
 u - 2 potions of agility
Comestibles
 f - a bread ration
 s - a meat ration


   Skills:
 + Level 2.3 Fighting
 + Level 3.3 Polearms
 + Level 1.9 Throwing
 + Level 1.0 Armour
 + Level 3.3 Dodging
 + Level 0.2 Stealth


You had 2 spell levels left.
You didn't know any spells.

Dungeon Overview and Level Annotations

Branches:
Dungeon (2/15)

Altars:


Innate Abilities, Weirdness & Mutations

When seriously injured, your bleeding wounds create armour. (AC +6)


Message History

The stone {insribation?} closely misses the gnoll.
The stone {insribation?} hits the gnoll.
The gnoll is lightly wounded.
The gnoll hits you from afar with a halberd!
* * * LOW HITPOINT WARNING * * *
Throwing (i - inventory. (,) - cycle):
e - 37 stones (quivered)
{insribation?}
Press: ? - help, Shift-Dir - straight line, f/p - gnoll
Aim: a gnoll (lightly wounded)
You throw a stone {insribation?}.
The stone {insribation?} barely misses the gnoll.
The stone {insribation?} hits the gnoll.
The gnoll is moderately wounded.
The gnoll barely misses you.
Throwing (i - inventory. (,) - cycle):
e - 36 stones (quivered)
{insribation?}
Press: ? - help, Shift-Dir - straight line, p - gnoll
Okay, then.
As you read the scroll of fog, it crumbles to dust.
The scroll dissolves into smoke.
The gnoll hits you from afar with a halberd!
You die... ..... (.. ..........# (.( ..........# (g(

..........# #g#
#.........# #(#
..........# #g#
..........### #§#
............# ##@#####
............###§§§§..#
.....#.......##§§§§..#
.............^.......#
....#.......###...[).#
............# #......#
.....#......# #......#
÷....##..#### ########
....###..###


You could see a gnoll.

Vanquished Creatures
  A gnoll (D:2)
  An adder (D:2)
  2 oozes
  A worm (D:2)
  A leopard gecko (D:2)
  2 ball pythons (D:2)
  2 giant cockroaches
  A goblin (D:1)
  3 hobgoblins (D:1)
  4 jackals (D:2)
  3 kobolds
  6 bats
  3 frilled lizards
  4 rats
34 creatures vanquished.

Notes
Turn   | Place    | Note
-------+----------+-------------------------------------------
     0 | D:1      | ScottishVillain the Demonspawn Gladiator began the quest for the Orb.
     0 | D:1      | Reached XP level 1. HP: 16/16 MP: 1/1
   601 | D:1      | Gained mutation: When seriously injured, your bleeding wounds create armour. (AC +6) [demonic ancestry]
   601 | D:1      | Reached XP level 2. HP: 16/22 MP: 2/2
  1534 | D:2      | Reached XP level 3. HP: 18/27 MP: 3/3
  2589 | D:2      | Reached skill level 1 in Armour
  2832 | D:2      | Slain by a gnoll

Skill      XL: |  1  2  3 |
---------------+----------+-----
Dodging        | 3 |  3.3
Polearms       | 3 |  3.3
Armour         | 1 |  1.0
Fighting       | |  2.3
Throwing       | |  1.9
Stealth        | |  0.2

Action                   || total
-------------------------++-------
Melee: Trident           ||   125
       Short sword       ||     7
Throw: Throwing net      ||     3
       Stone             ||    22
  Use: Scroll            ||     4
       Potion            ||     1
  Eat: Chunk             ||     2
       Meat ration       ||     1
Armor: Leather armour    ||    72
Dodge: Dodged            ||   182
